 Dungeon Crawl Stone Soup version 0.29.1-13-g9f3cf754e1 (webtiles) character file.

Game seed: 9860241433433717821

5016 Oxelix the Spear-Bearer (level 10, 85/85 HPs)
             Began as a Merfolk Gladiator on Jan 31, 2023.
             Was an Initiate of Wu Jian.
             Quit the game on level 8 of the Dungeon.
             The game lasted 00:20:31 (7511 turns).

Oxelix the Spear-Bearer (Merfolk Gladiator)         Turns: 7511, Time: 00:20:32

Health: 85/85      AC: 11    Str: 18    XL:     10   Next: 54%
Magic:  19/19      EV: 15    Int: 11    God:    Wu Jian [......]
Gold:   290        SH:  0    Dex: 15    Spells: 9/9 levels left

rFire   . . .      SeeInvis .   J - +0 glaive (flame)
rCold   . . .      Faith    .   (shield currently unavailable)
rNeg    . . .      Spirit   .   t - +1 ring mail "Oshroawoy" {Regen+ MP+9 Int+2}
rPois   +          Reflect  .   c - +0 helmet
rElec   .          Harm     .   (no cloak)
rCorr   .          Rampage  .   (no gloves)
Will    .....                   (no boots)
Stlth   +.........              (no amulet)
HPRegen 1.04/turn               D - ring of poison resistance
MPRegen 0.16/turn               z - +4 ring of protection

@: no status effects
A: (nimble swimmer 2), mertail
a: Renounce Religion


You were on level 8 of the Dungeon.
You worshipped Wu Jian.
Wu Jian was noncommittal.
You visited 2 branches of the dungeon, and saw 9 of its levels.

You collected 290 gold pieces.

Inventory:

Hand Weapons
 a - a +2 trident
 F - the +5 rapier "Bocib" {freeze, Int+7}
   (You found it on level 6 of the Dungeon)

   It freezes those it strikes, dealing additional cold damage.
   It can also slow down cold-blooded creatures.
   Int:       It affects your intelligence (+7).
 J - a +0 glaive of flaming (weapon)
Missiles
 e - a javelin
 k - 6 boomerangs (quivered)
 s - 17 poisoned darts
 M - 2 throwing nets
Armour
 c - a +0 helmet (worn)
 d - a +2 hat of intelligence
 t - the +1 ring mail "Oshroawoy" (worn) {Regen+ MP+9 Int+2}
   (You found it on level 2 of the Dungeon)

   Int:       It affects your intelligence (+2).
   MP:        It affects your magic capacity (+9).
   Regen:     It increases your rate of health regeneration.
 K - +0 acid dragon scales
Magical Staves
 n - a staff of cold
 E - a staff of air
Jewellery
 r - a ring of ice
 z - a +4 ring of protection (right hand)
 D - a ring of poison resistance (left hand)
Wands
 p - a wand of flame (38)
 y - a wand of digging (4)
 G - a wand of roots (3)
Scrolls
 f - 4 scrolls of identify
 g - 4 scrolls of teleportation
 i - 2 scrolls of blinking {unknown}
 l - 2 scrolls of enchant armour {unknown}
 m - a scroll of summoning
 o - a scroll of vulnerability {unknown}
 u - a scroll of amnesia {unknown}
 w - a scroll of poison {unknown}
 x - 2 scrolls of magic mapping {unknown}
 C - a scroll of fear {unknown}
 I - a scroll of butterflies {unknown}
Potions
 b - a potion of lignification {unknown}
 h - 2 potions of curing
 j - a potion of might {unknown}
 q - 2 potions of berserk rage {unknown}
 v - a potion of mutation
 A - 2 potions of degeneration {unknown}
 B - a potion of flight {unknown}
 H - a potion of ambrosia {unknown}
 L - a potion of heal wounds {unknown}


   Skills:
 + Level 10.3 Fighting
 - Level 14.0 Polearms
 - Level 2.0 Throwing
 * Level 9.3 Dodging


You had 9 spell levels left.
You didn't know any spells.
Your spell library contained the following spells:

 Spells                   Type           Power      Damage    Failure   Level
 Freeze                   Ice            0%         1d3       54%         1
 Blink                    Tloc           0%         N/A       67%         2
 Ensorcelled Hibernation  Hex/Ice        0%         N/A       67%         2
 Passwall                 Tmut/Erth      0%         N/A       67%         2
 Frozen Ramparts          Ice            0%         1d1       88%         3
 Inner Flame              Hex/Fire       0%         N/A       88%         3
 Lesser Beckoning         Tloc           0%         N/A       88%         3
 Swiftness                Air            0%         N/A       88%         3
 Anguish                  Hex/Necr       0%         N/A       99%         4
 Cause Fear               Hex            0%         N/A       99%         4
 Hailstorm                Conj/Ice       0%         3d3       99%         4
 Manifold Assault         Tloc           0%         N/A       100%        5
 Enfeeble                 Hex            0%         N/A       100%        7
 Discord                  Hex            0%         N/A       100%        8


Dungeon Overview and Level Annotations

Branches:
Dungeon (8/15)             Temple (1/1) D:7
   Lair: D:8-11

Altars:
Ashenzari
Cheibriados
Dithmenos
Elyvilon
Fedhas
Gozag
Hepliaklqana
Kikubaaqudgha
Makhleb
Nemelex Xobeh
Okawaru
Qazlal
Ru
Sif Muna
Uskayaw
Vehumet
Wu Jian
Xom
Zin
The Shining One

Shops:
D:5 [


Innate Abilities, Weirdness & Mutations

((You are very nimble when in or above water. (Stealth+, EV+, Speed+++)))
Your lower body shifts to a powerful aquatic tail in water.


Message History

The orc wizard gestures at you while chanting.
The puff of flame hits you.
Reach: J) +0 glaive (flame)
Press: ? - help, Dir - move target, f - orc
Aim: an orc, wielding a +0 club (about 34% to evade your +0 glaive of flaming)
You reach to attack!
You hit the orc but do no damage.
Reach: J) +0 glaive (flame)
Press: ? - help, Dir - move target, f - orc warrior
Aim: an orc warrior, wielding a +0 trident and wearing a +0 plate armour (about 34% to evade your +0 glaive of flaming)
You reach to attack!
You slash the orc warrior! You burn the orc warrior.
The orc warrior is severely wounded.
Reach: J) +0 glaive (flame)
Press: ? - help, Dir - move target, f/p - orc warrior
Aim: an orc warrior, wielding a +0 trident and wearing a +0 plate armour (severely wounded, about 34% to evade your +0 glaive of flaming)
You reach to attack!
You slash the orc warrior! You burn the orc warrior.
You kill the orc warrior!
The Council accepts your kill.
Unknown command.
Reach: J) +0 glaive (flame)
Press: ? - help, Dir - move target, f - orc
Aim: an orc, wielding a +0 club (about 34% to evade your +0 glaive of flaming)
You reach to attack!
You slash the orc! You burn the orc.
You kill the orc!
The Council accepts your kill.
Reach: J) +0 glaive (flame)
Press: ? - help, Dir - move target, f - orc wizard
Aim: an orc wizard, wielding a +0 dagger and wearing a +0 robe (about 40% to evade your +0 glaive of flaming)
You reach to attack!
You barely miss the orc wizard.
Unknown command.
Reach: J) +0 glaive (flame)
Press: ? - help, Dir - move target, f/p - orc wizard
Aim: an orc wizard, wielding a +0 dagger and wearing a +0 robe (about 40% to evade your +0 glaive of flaming)
You slice the orc wizard!! You burn the orc wizard!
You kill the orc wizard!
The Council accepts your kill.
Reach: J) +0 glaive (flame)
Press: ? - help, Dir - move target, f - you That would be overly suicidal.
Okay, then.
Are you sure you want to abandon this character and quit the game? (Confirm with "yes".)

####################
#.............).@).#
#.################)#
#.#### .# .....# o.
.#.#.######## ..o
..[.......... ....
#..#.######## #.#.#
#..#.# ...o #..#.#


There were no monsters in sight!

Vanquished Creatures
  Gastronok (D:8)
  Maggie (D:8)
  Prince Ribbit (D:5)
  Sigmund (D:2)
  A wyvern (D:7)
  Eustachio (D:4)
  2 water moccasins
  3 black bears
  3 ice beasts
  2 orc warriors
  5 ogres
  A phantom (D:6)
  A kobold brigand (D:5)
  2 necrophages
  5 bullfrogs
  4 scorpions
  2 howler monkeys (D:6)
  4 hounds
  2 jellies
  A gnoll bouda (D:5)
  An orc priest (D:7)
  Jessica (D:3)
  4 iguanas
  8 orc wizards
  Robin (D:3)
  3 gnolls (D:5)
  5 adders
  A white imp (D:7)
  2 ufetubi
  3 worms
  5 dart slugs
  14 orcs
  11 ball pythons
  A bat (D:1)
  3 endoplasms
  4 giant cockroaches
  15 goblins
  7 hobgoblins
  5 jackals
  11 kobolds
  6 quokkas
  2 frilled lizards
  4 rats
160 creatures vanquished.

Notes
Turn   | Place    | Note
-------+----------+-------------------------------------------
     0 | D:1      | Oxelix the Merfolk Gladiator began the quest for the Orb.
     0 | D:1      | Reached XP level 1. HP: 16/16 MP: 1/1
    40 | D:1      | Found a faded altar of an unknown god.
   365 | D:1      | Reached XP level 2. HP: 23/23 MP: 2/2
  1187 | D:2      | Reached skill level 5 in Polearms
  1251 | D:2      | Reached XP level 3. HP: 28/28 MP: 3/3
  1738 | D:2      | Noticed Sigmund
  1778 | D:2      | Killed Sigmund
  1779 | D:2      | Reached skill level 7 in Polearms
  1779 | D:2      | Reached XP level 4. HP: 8/37 MP: 4/4
  1779 | D:2      | Reached XP level 5. HP: 9/42 MP: 5/5
  2177 | D:2      | Identified the +1 ring mail "Oshroawoy" {Regen+ MP+9 Int+2}
  2292 | D:3      | Noticed Jessica
  2301 | D:3      | Killed Jessica
  2302 | D:3      | Reached XP level 6. HP: 47/48 MP: 6/6
  2510 | D:3      | Identified the +1 chain mail of Quiha {rN++ MP+9 Int-2}
  2569 | D:3      | Noticed Robin
  2591 | D:3      | Killed Robin
  3019 | D:3      | Reached skill level 8 in Polearms
  3489 | D:4      | Noticed Eustachio
  3557 | D:4      | Reached XP level 7. HP: 49/55 MP: 7/7
  3569 | D:4      | Reached skill level 5 in Fighting
  3569 | D:4      | Reached skill level 9 in Polearms
  3704 | D:4      | Killed Eustachio
  3740 | D:4      | Reached skill level 10 in Polearms
  3797 | D:4      | Reached XP level 8. HP: 61/64 MP: 8/8
  4161 | D:5      | Entered Level 5 of the Dungeon
  4166 | D:5      | Found Nenolix's Antique Armour Emporium.
  4226 | D:5      | Reached skill level 11 in Polearms
  4776 | D:5      | Noticed Prince Ribbit
  4802 | D:5      | Killed Prince Ribbit
  4803 | D:5      | Reached skill level 12 in Polearms
  4941 | D:5      | Reached XP level 9. HP: 72/72 MP: 9/9
  5095 | D:6      | Reached skill level 13 in Polearms
  5121 | D:6      | Identified the +5 rapier "Bocib" {freeze, Int+7}
  5391 | D:6      | Reached skill level 14 in Polearms
  5842 | D:7      | Found a glowing golden altar of the Shining One.
  6067 | D:7      | Reached skill level 5 in Dodging
  6276 | D:7      | Reached XP level 10. HP: 83/83 MP: 10/10
  6426 | D:7      | Found a staircase to the Ecumenical Temple.
  6583 | Temple   | Entered the Ecumenical Temple
  6923 | Temple   | Became a worshipper of the Wu Jian Council
  7259 | D:8      | Noticed Maggie
  7275 | D:8      | Killed Maggie
  7301 | D:8      | Noticed Gastronok
  7376 | D:8      | Killed Gastronok
  7377 | D:8      | Reached skill level 10 in Fighting
  7437 | D:8      | Identified the +4 hand axe of Zyda Nos {protect, rElec rF+
                  | Will++ Dex-3}
  7511 | D:8      | Quit the game

Illustrated notes

Levels and vault maps discovered:
D:1:      lemuel_arrival_tunnels, layout_loops_ring,
          shapermc_ecumenical_altar_mp_highgroup
D:2:      layout_basic, corner_web_ring, grunt_ministairs_9, uniq_sigmund
D:3:      minmay_wonky_spiral, layout_loops_ring, serial_co_window_serial,
          co_window_of_opportunity_a, co_window_paths_a, co_window_corner_a,
          co_window_corner_a, co_window_corner_a, co_window_of_opportunity_a,
          co_window_paths_b, co_window_cross_1, co_window_paths_a,
          co_window_corner_b, co_window_of_opportunity_c, co_window_broadway_a,
          co_window_paths_c, glass_columns_a, glass_columns_a, glass_columns_b,
          glass_columns_c, uniq_jessica, uniq_robin
D:4:      layout_cave_pools, chequers_arboretum, minmay_puff, uniq_eustachio
D:5:      layout_cave_pods, serial_shops, shop_fountains,
          kennysheep_generic_room_14, uniq_prince_ribbit1
D:6:      layout_basic, grunt_ministairs_5
D:7:      layout_loops_ring, tso_metal_star, minmay_temple_entry_poolview,
          serial_co_window_serial, co_window_paths_b,
          co_window_of_opportunity_a, co_window_cross_1, co_window_corner_a,
          co_window_paths_a, co_window_of_opportunity_a,
          co_window_of_opportunity_a, co_window_paths_a, co_window_paths_b,
          co_window_of_opportunity_c, co_window_corner_b,
          co_window_unsneaky_path_a, co_window_2corner,
          co_window_of_opportunity_c
D:8:      minmay_clustersquares, layout_loops_ring, uniq_maggie, uniq_gastronok,
          uniq_erica, uniq_joseph
Temple:   compressed_dpeg_triangle_lava_temple

Skill      XL: |  1  2  3  4  5  6  7  8  9 10 |
---------------+-------------------------------+-----
Polearms       | 5 7 8 10 12 14 | 14.0
Fighting       | 4 5 7 9 10 | 10.3
Dodging        | 5 9 |  9.3
Throwing       | |  2.0

Action                   |  1- 3 |  4- 6 |  7- 9 | 10-12 || total
-------------------------+-------+-------+-------+-------++-------
Melee: Trident           |    92 |    39 |   363 |    39 ||   533
       Punch             |     1 |       |     4 |     2 ||     7
       Halberd           |       |   110 |       |       ||   110
       Glaive            |       |       |       |    25 ||    25
Throw: Dart              |     2 |       |       |     4 ||     6
       Throwing net      |     1 |       |     6 |     4 ||    11
       Boomerang         |       |       |    24 |       ||    24
       Javelin           |       |       |     2 |     1 ||     3
Invok: Lunge             |       |       |       |     1 ||     1
  Use: Scroll            |       |     4 |     3 |       ||     7
 Stab: Sleeping          |     2 |       |       |       ||     2
       Held in net/web   |     1 |       |     2 |       ||     3
Armor: Leather armour    |    21 |       |       |       ||    21
       Ring mail         |       |    62 |   118 |     8 ||   188
Dodge: Dodged            |    67 |    76 |   156 |    14 ||   313
